 Dungeon Crawl Stone Soup version 0.30-a0-738-g116ff8c (webtiles) character file.

Game seed: 9387112607070231552

66 Meow the Sneak (level 4, 36/36 HPs)
             Began as a Naga Conjurer on Feb 3, 2023.
             Quit the game on level 3 of the Dungeon.
             The game lasted 00:05:59 (2020 turns).

Meow the Sneak (Naga Conjurer)                      Turns: 2020, Time: 00:06:00

Health: 36/36      AC:  7    Str:  9    XL:     4   Next: 15%
Magic:  12/16      EV:  7    Int: 20    God:
Gold:   110        SH:  0    Dex: 10    Spells: 4/7 levels left

rFire   . . .      SeeInvis +    a - +2 dagger (venom)
rCold   + . .      Faith    .    (no shield)
rNeg    . . .      Spirit   .    d - +0 robe
rPois   +          Reflect  .    (no helmet)
rElec   .          Harm     .    (no cloak)
rCorr   .          Rampage  .    (no gloves)
Will    .....                    f - +1 barding {rC+}
Stlth   +++                      (no amulet)
HPRegen 0.26/turn                n - ring of magical power
MPRegen 0.15/turn                (no ring)

@: short of breath, very slow
A: AC +1, large, see invisible, deformed body, poison resistance, slowness 2,
spit poison 1, naga tail 1
a: Spit Poison


You were on level 3 of the Dungeon.
You visited 1 branch of the dungeon, and saw 3 of its levels.

You collected 110 gold pieces.

Inventory:

Hand Weapons
 a - a +2 dagger of venom (weapon)
Missiles
 e - 14 stones
 p - 6 javelins
Armour
 d - a +0 robe (worn)
 f - a +1 barding of cold resistance (worn)
Jewellery
 n - a ring of magical power (left hand)
Wands
 l - a wand of polymorph (8)
Scrolls
 c - a scroll of identify
 g - a scroll of amnesia {unknown}
 h - a scroll of enchant weapon {unknown}
 i - a scroll of blinking {unknown}
 k - a scroll of teleportation {unknown}
 o - a scroll of fear {unknown}
Potions
 b - a potion of magic
 j - a potion of degeneration {unknown}
 m - a potion of heal wounds {unknown}


   Skills:
 - Level 1.5 Dodging
 - Level 6.0 Stealth
 + Level 2.3 Spellcasting
 + Level 4.2 Conjurations


You had 4 spell levels left.
You knew the following spells:

 Your Spells              Type           Power      Damage    Failure   Level
a - Magic Dart            Conj           76%        1d6       2%          1
b - Searing Ray           Conj           38%        2d5       4%          2

Your spell library contained the following spells:

 Spells                   Type           Power      Damage    Failure   Level
 Momentum Strike          Conj/Tloc      20%        3d8       10%         2
 Dazzling Flash           Conj/Hex       20%        N/A       19%         3
 Blink                    Tloc           4%         N/A       22%         2
 Lesser Beckoning         Tloc           4%         N/A       22%         2
 Fulminant Prism          Conj/Hex       5%         3d7       54%         4
 Iskenderun's Mystic Bla  Conj/Tloc      10%        2d4       54%         4


Dungeon Overview and Level Annotations

Branches:
Dungeon (3/15)

Altars:
Qazlal

Annotations:
D:2 Robin


Innate Abilities, Weirdness & Mutations

Your serpentine skin is tough. (AC +1)
You have supernaturally acute eyesight. (SInv)
Armour fits poorly on your strangely shaped body.
Your system is resistant to poisons. (rPois)
You cover ground very slowly.
You can spit poison.
You have a snake-like lower body.


Message History

Casting: Magic Dart (safe; 2% risk of failure)
Confirm with . or Enter, or press ? or * to list all spells.
Aiming: Magic Dart (safe; 2% risk of failure)
Press: ? - help, Shift-Dir - straight line, f - endoplasm
Aim: an endoplasm (asleep, 100% to hit)
The magic dart hits the endoplasm.
The endoplasm is moderately wounded.
The endoplasm quivers.
Casting: Magic Dart (safe; 2% risk of failure)
Confirm with . or Enter, or press ? or * to list all spells.
Aiming: Magic Dart (safe; 2% risk of failure)
Press: ? - help, Shift-Dir - straight line, f/p - endoplasm
Aim: an endoplasm (moderately wounded, 100% to hit)
The magic dart hits the endoplasm.
You kill the endoplasm!
An adder comes into view.
Casting: Magic Dart (safe; 2% risk of failure)
Confirm with . or Enter, or press ? or * to list all spells.
Aiming: Magic Dart (safe; 2% risk of failure)
Press: ? - help, Shift-Dir - straight line, f - adder
Aim: an adder (asleep, 100% to hit)
The magic dart hits the adder.
The adder is moderately wounded.
Casting: Magic Dart (safe; 2% risk of failure)
Confirm with . or Enter, or press ? or * to list all spells.
Aiming: Magic Dart (safe; 2% risk of failure)
Press: ? - help, Shift-Dir - straight line, f/p - adder
Aim: an adder (moderately wounded, 100% to hit)
The magic dart hits the adder.
The adder is heavily wounded.
Aiming: Spit Poison (2% risk of failure)
Press: ? - help, Shift-Dir - straight line, f/p - adder
Aim: an adder (heavily wounded, 37% to hit)
The splash of poison hits the adder!
You kill the adder!
You have reached level 4!
You feel agile.
Are you sure you want to abandon this character and quit the game? (Confirm with "yes".)
Okay, then.
Are you sure you want to abandon this character and quit the game? (Confirm with "yes".)

#..# ##.#.#
##########..#
#..#.#
............#
#.##.## ##
##########.##
#.#.#.###...#.
#.#
#..###........
#.#
#.#.#.###...#.
#.# #.##.## ##
#.# #.##.# #.#
#@##.# #.#
#.##.# .....#
...#### ##.#
###†# .>.. #.#
##.# #.# #.#


There were no monsters in sight!

Vanquished Creatures
  2 adders
  A dart slug (D:1)
  3 ball pythons (D:2)
  5 bats
  7 endoplasms
  3 giant cockroaches
  9 goblins
  A hobgoblin (D:1)
  3 quokkas
  A frilled lizard (D:1)
  2 kobolds
  2 rats (D:1)
39 creatures vanquished.

Notes
Turn   | Place    | Note
-------+----------+-------------------------------------------
     0 | D:1      | Meow the Naga Conjurer began the quest for the Orb.
     0 | D:1      | Reached XP level 1. HP: 15/15 MP: 3/3
   215 | D:1      | Reached skill level 4 in Stealth
   244 | D:1      | Reached XP level 2. HP: 22/22 MP: 1/5
   247 | D:1      | Learned a level 2 spell: Searing Ray
   759 | D:1      | Reached skill level 5 in Stealth
   961 | D:1      | Identified a scroll of acquirement
   962 | D:1      | Acquired a +1 barding of cold resistance
  1049 | D:2      | Reached XP level 3. HP: 28/28 MP: 2/6
  1360 | D:2      | Found a stormy altar of Qazlal.
  1523 | D:2      | Noticed Robin
  1536 | D:2      | Reached skill level 6 in Stealth
  2020 | D:3      | Reached XP level 4. HP: 36/36 MP: 7/7
  2020 | D:3      | Quit the game

Illustrated notes

Levels and vault maps discovered:
D:1:      mrwooster_arrival_statue, layout_loops_ring,
          wander_ebering_terrifying_dragon_lair
D:2:      layout_basic, basic_altar, minmay_3d_cube, uniq_robin
D:3:      layout_loops_ring, shapermc_ecumenical_altar_starsandcircs,
          kennysheep_cross_bottleneck

Skill      XL: |  1  2  3 |
---------------+----------+-----
Stealth        | 4 5 6 |  6.0
Dodging        | |  1.5
Spellcasting   | |  2.3
Conjurations   | |  4.2

Action                     |  1- 3 |  4- 6 || total
---------------------------+-------+-------++-------
   Cast: Magic Dart        |    57 |       ||    57
         Searing Ray       |     1 |       ||     1
Ability: Spit Poison       |    25 |       ||    25
    Use: Scroll            |     2 |       ||     2
 Armour: Robe              |     4 |       ||     4
  Dodge: Dodged            |     3 |       ||     3

Table legend: (Time is in decaauts)
 A = Elapsed time spent in this place.
 B = Non-inter-level travel time spent in this place.
 C = Inter-level travel time spent in this place.
 D = Time resting spent in this place.
 E = Time spent auto-exploring this place.
 F = Levels seen in this place.
 G = Mean time per level.
                   A        B        C        D        E       F      G
               +--------+--------+--------+--------+--------+-----+--------+
         Total |   2534 |   2434 |    100 |    582 |   1547 |   3 |  844.7 |
       Dungeon |   2534 |   2434 |    100 |    582 |   1547 |   3 |  844.7 |
               +--------+--------+--------+--------+--------+-----+--------+

Top non-repeatable levels by time:
     D:1: 1327 daAuts
     D:2: 1029 daAuts
     D:3: 177 daAuts
